[Event "Lithuanian Chess League 2021"]
[Site "Various cities"]
[Date "2021.05.08"]
[Round "2.1"]
[White "Laurusas, Tomas"]
[Black "Chocenka, Dmitrijus"]
[Result "1-0"]
[WhiteElo "2505"]
[BlackElo "2327"]
[PlyCount "95"]
[TimeControl "90/40+30:0"]
[WhiteClock "0:03:23"]
[BlackClock "0:06:09"]

1. d4 Nf6 2. c4 g6 3. Nc3 Bg7 4. e4 d6 5. Nf3 O-O 6. Be2 e5 7. Be3 Ng4 8. Bg5 f6 9. Bc1 Nc6 10. d5 Ne7 11. h3 Nh6 12. O-O Nf7 13. b4 Bh6 14. Bxh6 Nxh6 15. c5 Nf7 16. Rc1 a6 17. a4 Bd7 18. a5 Kg7 19. Nd2 g5 20.
Nc4 Rc8 21. Bg4 f5 22. exf5 Bxf5 23. Re1 Nh6 24. Ne4 Nxg4 25. hxg4 Bxe4 26. Rxe4 Rf6 27. Ne3 Rf4 28. Qd3 Qf8 29. Rec4 Rxc4 30. Rxc4 Kh8 31. Qc2 Qg8 32. Qe4 h6 33. g3 Kg7 34. f4 gxf4 35. gxf4 Kf6 36. fxe5+ dxe5 37. Rc2 Qg5 38. Rf2+ Kg7 39. d6 cxd6 40. cxd6 Rc1+ 41. Kg2 Nc6 42. Qf3 Qf4 43. Qd5 Rg1+ 44. Kxg1 Qxe3 45. Qf7+ Kh8 46. Qf6+ Kh7 47. Qf5+ Kg7 48. Kg2 1-0

[Event "Lithuanian Chess League 2021"]
[Site "Various cities"]
[Date "2021.05.08"]
[Round "2.2"]
[White "Indriunas, Matas"]
[Black "Pultinevicius, Paulius"]
[Result "0-1"]
[WhiteElo "2227"]
[BlackElo "2501"]
[PlyCount "90"]
[TimeControl "90/40+30:0"]
[WhiteClock "0:03:07"]
[BlackClock "0:28:27"]

1. e4 c6 2. d4 d5 3. Nd2 dxe4 4. Nxe4 Nf6 5. Nxf6+ exf6 6. c3 Bd6 7. Bd3 Na6 8. Qc2 h5 9. Bxa6 bxa6 10. Qe4+ Kf8 11. Ne2 Qc7 12. Bf4 Bg4 13. Bxd6+ Qxd6 14. f3 Re8 15. Qd3 Bc8 16. c4 h4 17. O-O-O g6 18.
g4 Kg7 19. h3 Re7 20. Rde1 Rhe8 21. Kd2 f5 22. Qa3 Qf6 23. Qc3 Qg5+ 24. Kd1 Re3 25. Qd2 fxg4 26. fxg4 f5 27. Nc3 fxg4 28. Rxe3 Rxe3 29. d5 Bf5 30. Kc1 gxh3 31. dxc6 Kh7 32. Nd5 Qg2 33. Nxe3 Qxh1+ 34. Nd1 Qe4 35. Nc3 Qh1+ 36. Nd1 Qxc6 37. Qd4 Qe4 38. Qxa7+ Kh6 39. Kd2 h2 40. Nf2 h1=Q 41. Nxh1 Qxh1 42. Qe3+ g5 43. Qb6+ Kh5 44. c5 Qg2+ 45. Ke3 h3 0-1

[Event "Lithuanian Chess League 2021"]
[Site "Various cities"]
[Date "2021.05.08"]
[Round "2.3"]
[White "Vedrickas, Tautvydas"]
[Black "Limontas, Martynas"]
[Result "0-1"]
[WhiteElo "2395"]
[BlackElo "2311"]
[PlyCount "70"]
[TimeControl "90/40+30:0"]
[WhiteClock "0:00:55"]
[BlackClock "0:04:38"]

1. d4 Nf6 2. Nf3 e6 3. c4 c5 4. d5 b5 5. Bg5 h6 6. Bh4 exd5 7. cxd5 d6 8.
e4 a6 9. Nbd2 Be7 10. a4 Nxd5 11. exd5 Bxh4 12. axb5 O-O 13. Be2 Bf6 14. Nc4 Bb7 15. b6 Nd7 16. Nxd6 Qxb6 17. Nxb7 Qxb7 18. O-O Bxb2 19. Rb1 Rfb8 20. Bc4 Qc8 21. d6 Bf6 22. Qd5 Qf8 23. Qc6 Qc8 24. Qd5 Qf8 25. Qc6 Qc8 26. Qc7 Rb4 27. Rxb4 cxb4 28. Rc1 Qd8 29. Bd5 Rb8 30. Nd2 Bg5 31. f4 Bxf4 32. Bxf7+ Kh8 33. Rc2 Qf6 34. Qxd7 Be3+ 35. Kh1 Qa1+ 0-1

[Event "Lithuanian Chess League 2021"]
[Site "Various cities"]
[Date "2021.05.08"]
[Round "2.4"]
[White "Mickevicius, Juras"]
[Black "Klabis, Rokas"]
[Result "0-1"]
[WhiteElo "2281"]
[BlackElo "2329"]
[PlyCount "148"]
[TimeControl "90/40+30:0"]
[WhiteClock "0:08:18"]
[BlackClock "0:00:50"]

1. d4 Nf6 2. c4 e6 3. g3 d5 4. Nf3 Bb4+ 5. Bd2 Be7 6. Bg2 O-O 7. O-O c6 8. Qc2 b6 9. Bf4 Nbd7 10. Rd1 Nh5 11. Bc1 Nhf6 12. b3 Ba6 13. Nbd2 Rc8 14. e4 Nxe4 15. Nxe4 dxe4 16. Qxe4 b5 17. Qc2 bxc4 18. bxc4 Qa5 19. Bd2 Bb4 20. c5 Bxd2 21. Rxd2 Rfd8 22. Rdd1 Nf6 23. Ne5 Nd5 24. Bxd5 Rxd5 25. h4 Bb5 26. a4 Ba6 27. Rab1 Qc7 28. Nf3 h6 29. Rb4 Rcd8 30. Re1 Rb8 31. Reb1 Rxb4 32. Rxb4 Rd8 33. Ne5 f6 34. Nf3 Qd7 35. Nd2 e5 36. Nb3 Qh3 37. Qd1 Qf5 38. Qe1 Qc2 39. Kh2 Bc4 40. Nd2 Bd5 41. dxe5 fxe5 42. Qe3 Rf8 43. a5 Qd1 44. Rb1 Qa4 45.
Rc1 Qxa5 46. Kg1 Qb4 47. Nb1 Qb2 48. Nc3 Bf3 49. Rb1 Qc2 50. Qxe5 a5 51. Ra1 a4 52. Nxa4 Bd5 53. Qd4 Rf3 54. Nb6 Rxg3+ 55. Kf1 Rd3 56. Qg4 Rf3 57. Qd4 Be6 58. Kg2 Rf7 59. Ra3 Bf5 60. Re3 Kh7 61. Nc4 Bg6 62.
Nd2 Bf5 63. Nc4 Bg6 64. Nd2 Rf5 65. Rc3 Qb2 66. Qe3 Rf6 67. Rb3 Qa2 68. Qd4 Rf7 69. Rg3 Qe6 70. Re3 Qf5 71. Rf3 Rd7 72. Qc4 Qd5 73. Qg4 Qxd2 74. h5 Bc2 0-1

[Event "Lithuanian Chess League 2021"]
[Site "Various cities"]
[Date "2021.05.08"]
[Round "2.5"]
[White "Setkauskas, Vaidas"]
[Black "Viskelis, Darius"]
[Result "1-0"]
[WhiteElo "2238"]
[BlackElo "2223"]
[PlyCount "43"]
[TimeControl "90/40+30:0"]
[WhiteClock "0:09:17"]
[BlackClock "0:19:54"]

1. e4 e5 2. Nf3 Nc6 3. Bb5 Nf6 4. O-O Bc5 5. Nxe5 Nxe5 6. d4 c6 7. dxe5 Nxe4 8. Bd3 d5 9. exd6 Nf6 10. Bg5 Be6 11. Nc3 Bxd6 12. Qf3 Qc7 13.
h3 Be5 14. Rfe1 h6 15. Bh4 O-O-O 16. Rad1 g5 17. Rxe5 Nd7 18.
Rxe6 fxe6 19. Bg3 e5 20. Bf5 Kb8 21. Rxd7 Rxd7 22. Bxd7 1-0

[Event "Lithuanian Chess League 2021"]
[Site "Various cities"]
[Date "2021.05.08"]
[Round "2.6"]
[White "Bieliauskas, Marius"]
[Black "Stauskas, Lukas"]
[Result "1/2-1/2"]
[WhiteElo "2201"]
[BlackElo "2316"]
[PlyCount "90"]
[TimeControl "90/40+30:0"]
[WhiteClock "0:16:39"]
[BlackClock "0:19:07"]

1. d4 d5 2. c4 c6 3. cxd5 cxd5 4. Bf4 Nc6 5. e3 Nf6 6. Nc3 a6 7. Bd3 Bg4 8.
Nge2 Rc8 9. f3 Bh5 10. O-O e6 11. Rc1 Bd6 12. Bxd6 Qxd6 13. Na4 O-O 14. Qd2 e5 15. dxe5 Nxe5 16. Nac3 Rfe8 17. b3 Qb6 18. Nd4 Bg6 19. Na4 Qd6 20. Bf5 Rcd8 21. Nc5 Qb6 22. Na4 Qd6 23. Rc2 Re7 24. Rfc1 Rde8 25. Rc8 Rxc8 26. Rxc8+ Re8 27. Qc3 Kf8 28. Qc5 Qxc5 29. Nxc5 Bxf5 30. Rxe8+ Nxe8 31. Nxf5 g6 32. Nd4 Nd6 33. Kf1 Ke7 34. Ke2 h5 35. Nd3 Nxd3 36. Kxd3 Ne8 37. Ne2 Kd6 38. Nd4 Nc7 39. Kc3 Kc5 40. b4+ Kd6 41. a4 b6 42. Nb3 Ne6 43. h4 f5 44. Nd4 Nd8 45.
Kd3 Ke5 1/2-1/2

[Event "Lithuanian Chess League 2021"]
[Site "Various cities"]
[Date "2021.05.08"]
[Round "2.7"]
[White "Vardanyan, Aras"]
[Black "Tvarijonas, Tomas"]
[Result "1-0"]
[WhiteElo "2197"]
[BlackElo "2221"]
[PlyCount "45"]
[TimeControl "90/40+30:0"]
[WhiteClock "1:02:46"]
[BlackClock "0:09:36"]

1. e4 c5 2. Nc3 Nc6 3. Bb5 Nd4 4. Nf3 Nxb5 5. Nxb5 d6 6. d4 a6 7. Nc3 cxd4 8. Qxd4 Bg4 9. Bg5 Qa5 10. b4 Qc7 11. Nd5 Qc6 12. c4 Rc8 13.
O-O f6 14. Be3 Qxc4 15. Qa7 Qxe4 16. Qxb7 Kf7 17. Nd2 Qc2 18. a4 Be6 19. b5 a5 20. b6 g5 21. Nc7 Bd7 22. Rfc1 Qf5 23. Qa7 1-0

[Event "Lithuanian Chess League 2021"]
[Site "Various cities"]
[Date "2021.05.08"]
[Round "2.8"]
[White "Steponavicius, Stasys"]
[Black "Salna, Aleksandras"]
[Result "1/2-1/2"]
[WhiteElo "2193"]
[BlackElo "2125"]
[PlyCount "117"]
[TimeControl "90/40+30:0"]
[WhiteClock "0:12:13"]
[BlackClock "0:07:07"]

1. d4 d6 2. c4 e5 3. Nf3 e4 4. Nfd2 f5 5. e3 Nf6 6. Nc3 g6 7. f3 Bh6 8. f4 O-O 9. Be2 Bg7 10. Nb3 a5 11. d5 c6 12. Nd4 Bd7 13. Qb3 Na6 14. Bd2 Nc5 15.
Qc2 Qe7 16. O-O Rfc8 17. dxc6 bxc6 18. Rfd1 Ne8 19. Be1 Nc7 20.
Rab1 N7e6 21. g3 Nxd4 22. exd4 Ne6 23. Bf2 g5 24. d5 e3 25.
dxe6 exf2+ 26. Kxf2 Qxe6 27. Qd2 Re8 28. Bh5 Qh6 29. Bf3 Qxh2+ 30. Bg2 gxf4 31. Qxf4 Bh6 32. Qh4 Qxh4 33. gxh4 Bf4 34. c5 Be3+ 35. Kf1 Bxc5 36. Na4 Re5 37. Nxc5 Rxc5 38. Rxd6 Be8 39. Re1 Rc2 40. Re2 Rxe2 41. Kxe2 Kg7 42. Ke3 Rb8 43. b3 Rb4 44. h5 Bxh5 45. Bxc6 Rh4 46. Rd4 Rxd4 47. Kxd4 Bd1 48. Ke5 Bc2 49. Kf4 Kf6 50. Bd5 h5 51. a3 h4 52. b4 axb4 53. axb4 Ke7 54. Bg2 Kd6 55. Bh3 Kd5 56. Kg5 Kc4 57. Kxh4 Kxb4 58. Kg5 f4 59. Kxf4 1/2-1/2

[Event "Lithuanian Chess League 2021"]
[Site "Various cities"]
[Date "2021.05.08"]
[Round "2.9"]
[White "Eigminas, Kipras"]
[Black "Solys, Laimutis"]
[Result "1-0"]
[WhiteElo "2095"]
[BlackElo "2319"]
[PlyCount "65"]
[TimeControl "90/40+30:0"]
[WhiteClock "0:31:36"]
[BlackClock "0:01:27"]

1. e4 c5 2. Nf3 Nc6 3. d4 cxd4 4. Nxd4 Nf6 5. Nc3 d6 6. Be3 Ng4 7. Bc1 Qb6 8.
Bb5 Bd7 9. O-O Nge5 10. Be3 Qd8 11. Be2 Nxd4 12. Bxd4 Nc6 13. Be3 g6 14. Nd5 Bg7 15. c4 O-O 16. Qd2 Rc8 17. Rac1 b6 18. h3 Be6 19. b4 Qd7 20.
a4 f5 21. a5 bxa5 22. exf5 Bxf5 23. bxa5 Rb8 24. c5 Rb2 25. Qd1 Kh8 26. a6 dxc5 27. Rxc5 Rfb8 28. Bg4 e5 29. Qa4 Rc8 30. Rfc1 h5 31. Bxf5 gxf5 32. Rxc6 Rxc6 33. Qxc6 1-0

[Event "Lithuanian Chess League 2021"]
[Site "Various cities"]
[Date "2021.05.08"]
[Round "2.10"]
[White "Morkunas, Gustas"]
[Black "Paulauskas, Andrius"]
[Result "1/2-1/2"]
[WhiteElo "1722"]
[BlackElo "1906"]
[PlyCount "57"]
[TimeControl "90/40+30:0"]
[WhiteClock "0:06:33"]
[BlackClock "0:19:43"]

1. e4 e6 2. d4 d5 3. Nc3 Nf6 4. e5 Nfd7 5. f4 c5 6. Nf3 Nc6 7. Be3 Qb6 8.
Na4 Qa5+ 9. c3 cxd4 10. b4 Nxb4 11. cxb4 Bxb4+ 12. Bd2 Bxd2+ 13.
Nxd2 b6 14. Bd3 Nc5 15. Nxc5 bxc5 16. O-O Bd7 17. Rc1 Rc8 18. Rf2 Qd8 19. Qg4 g6 20. Nf3 c4 21. Bf1 d3 22. Qg3 Qb6 23. Qg5 h6 24. Qf6 Rg8 25.
f5 gxf5 26. Qxh6 Qc5 27. Bxd3 Qf8 28. Qxf8+ Kxf8 29. Be2 1/2-1/2

[Event "Lithuanian Chess League 2021"]
[Site "Various cities"]
[Date "2021.05.08"]
[Round "2.11"]
[White "Klimciauskas, Domantas"]
[Black "Stremavicius, Titas"]
[Result "0-1"]
[WhiteElo "2175"]
[BlackElo "2484"]
[PlyCount "59"]
[TimeControl "90/40+30:0"]
[WhiteClock "0:00:33"]
[BlackClock "0:13:25"]

1. d4 f5 2. g3 Nf6 3. Bg2 g6 4. Nh3 d6 5. b3 Bg7 6. Bb2 e6 7. O-O O-O 8. Nd2 Nc6 9. Nf4 Nxd4 10. Bxd4 e5 11. Bb2 exf4 12. gxf4 Rb8 13. e3 Bd7 14. Qe2 Kh8 15. Rfd1 Qe7 16. Qc4 Be6 17. Qd3 Bd7 18. Rac1 Bc6 19. Bxc6 bxc6 20. Qa6 c5 21. a4 Ng4 22. Bxg7+ Qxg7 23. h3 Nf6 24. Qc6 g5 25. fxg5 Qxg5+ 26. Kh1 Qh4 27. Qf3 Ne4 28. Nxe4 fxe4 29. Qg3 Qh5 30. Rg1 0-1

[Event "Lithuanian Chess League 2021"]
[Site "Various cities"]
[Date "2021.05.08"]
[Round "2.12"]
[White "Juksta, Karolis"]
[Black "Vanagas, Tadas"]
[Result "1-0"]
[WhiteElo "2437"]
[BlackElo "2154"]
[PlyCount "91"]
[TimeControl "90/40+30:0"]
[WhiteClock "0:32:54"]
[BlackClock "0:27:43"]

1. d4 Nf6 2. c4 g6 3. Nc3 d5 4. cxd5 Nxd5 5. e4 Nxc3 6. bxc3 Bg7 7. Nf3 c5 8. Be3 O-O 9. Be2 Nc6 10. O-O cxd4 11. cxd4 Bg4 12. d5 Na5 13.
Rc1 Qd7 14. h3 Bh5 15. Qd2 b6 16. g4 Bxg4 17. hxg4 Qxg4+ 18. Kh1 Qxe4 19. Qd3 Qa4 20. Rc7 Bf6 21. Bd4 Rad8 22. Bxf6 exf6 23. a3 Rd6 24. Rb1 Qg4 25. Rb4 Qh5+ 26. Rh4 Qxd5 27. Qxd5 Rxd5 28. Re4 Kg7 29. Ree7 g5 30. a4 g4 31. Ng1 h5 32. Bb5 Rf5 33. Kg2 h4 34. Be8 h3+ 35.
Kg3 h2 36. Kxh2 Rxf2+ 37. Kg3 Rf1 38. Ne2 f5 39. Nd4 Kf6 40.
Bxf7 Rg1+ 41. Kf2 Rh1 42. Re6+ Kg7 43. Bh5+ Kg8 44. Rg6+ Kh8 45. Rh6+ Kg8 46. Ne6 1-0

[Event "Lithuanian Chess League 2021"]
[Site "Various cities"]
[Date "2021.05.08"]
[Round "2.13"]
[White "Juknis, Paulius"]
[Black "Stremavicius, Pijus"]
[Result "1-0"]
[WhiteElo "2143"]
[BlackElo "2214"]
[PlyCount "77"]
[TimeControl "90/40+30:0"]
[WhiteClock "0:01:46"]
[BlackClock "0:17:31"]

1. e4 c5 2. Nc3 Nc6 3. Bb5 Nd4 4. Nf3 Nxb5 5. Nxb5 a6 6. Nc3 e6 7. d4 cxd4 8. Qxd4 b5 9. Bf4 Bb7 10. O-O-O Nf6 11. Rhe1 Be7 12. Bd6 O-O 13. Ne5 Bxd6 14. Qxd6 Rc8 15. f3 Rc7 16. Kb1 Ne8 17. Qd4 d6 18. Ng4 h5 19. Ne3 Rd7 20. h3 h4 21. Ng4 Bc6 22. Rd2 a5 23.
Red1 b4 24. Ne2 e5 25. Qc4 Qb6 26. Nc1 Rc7 27. Qe2 g6 28. Qe1 f5 29. exf5 gxf5 30. Ne3 Rg7 31. Nc4 Qc5 32. b3 e4 33. f4 d5 34. Ne5 Nf6 35.
Ne2 Bb5 36. Nd4 Bd7 37. Nxd7 Nxd7 38. Ne6 Qc3 39. Rxd5 1-0

[Event "Lithuanian Chess League 2021"]
[Site "Various cities"]
[Date "2021.05.08"]
[Round "2.14"]
[White "Vaznonis, Vytautas"]
[Black "Valantiejus, Vaidotas"]
[Result "1-0"]
[WhiteElo "2382"]
[BlackElo "2117"]
[PlyCount "151"]
[TimeControl "90/40+30:0"]
[WhiteClock "0:09:35"]
[BlackClock "0:05:55"]

1. d4 d5 2. c4 e6 3. Nc3 c5 4. cxd5 exd5 5. Nf3 Nc6 6. g3 Nf6 7. Bg2 Be7 8. O-O O-O 9. Bg5 c4 10. Ne5 Be6 11. b3 h6 12. Nxc6 bxc6 13.
Bf4 cxb3 14. axb3 Bd6 15. Bxd6 Qxd6 16. Qd3 Rfb8 17. Na4 Nd7 18. Rfc1 Rb5 19. Rc3 Rab8 20. Qc2 Qb4 21. e3 g6 22. Bf1 Bf5 23.
Qc1 Ra5 24. f3 Rc8 25. Qe1 Rb8 26. Kf2 Kg7 27. Be2 Be6 28. Rac1 Rb7 29. Bd1 Nb8 30. h4 Bc8 31. Rc5 Qxe1+ 32. Kxe1 Rxc5 33. Nxc5 Re7 34. Kd2 f6 35. Ra1 g5 36. hxg5 fxg5 37. g4 Rf7 38. Ke2 Kg6 39. Bc2+ Kg7 40. b4 Re7 41. Bb3 Kg6 42. Ra5 a6 43. Bc2+ Kf6 44. Bd3 Ra7 45. Kf2 Kg7 46. Ra3 Re7 47. Ra5 Ra7 48. Be2 Kf6 49. Ra1 Kg7 50.
Rc1 Re7 51. Rc3 Kf6 52. Bd1 Kg7 53. Ba4 Kf6 54. Nd3 Bd7 55. Bd1 Bc8 56. Ne5 Bb7 57. Ba4 Rc7 58. Rc2 Kg7 59. Kg3 Rc8 60. Bb3 Rd8 61. Ba4 Rc8 62. f4 gxf4+ 63. exf4 Rc7 64. f5 Rc8 65. Kf4 Kf6 66. Rh2 Rh8 67.
Ng6 Rh7 68. Re2 Rc7 69. Re6+ Kg7 70. Bc2 Bc8 71. Re8 c5 72. dxc5 Nc6 73. g5 hxg5+ 74. Kxg5 Bxf5 75. Bxf5 Nxb4 76. Nf4 1-0

[Event "Lithuanian Chess League 2021"]
[Site "Various cities"]
[Date "2021.05.08"]
[Round "2.15"]
[White "Aleknavicius, Andrius"]
[Black "Greicius, Pijus"]
[Result "1/2-1/2"]
[WhiteElo "1986"]
[BlackElo "1980"]
[PlyCount "73"]
[TimeControl "90/40+30:0"]
[WhiteClock "0:00:40"]
[BlackClock "0:05:53"]

1. d4 Nf6 2. Bf4 d5 3. e3 c5 4. c3 Nc6 5. Nd2 e6 6. Ngf3 cxd4 7. exd4 Nh5 8.
Be3 Bd6 9. Ne5 g6 10. g4 Ng7 11. h4 Nxe5 12. dxe5 Bxe5 13. Nf3 Bd6 14. Bh6 O-O 15. h5 e5 16. Ng5 Qe7 17. hxg6 hxg6 18. Nh7 Be6 19. Qd2 f6 20.
Nxf8 Rxf8 21. Bg2 d4 22. O-O dxc3 23. Qxc3 g5 24. Be4 Bxg4 25.
Qb3+ Be6 26. Bd5 Bxd5 27. Qxd5+ Kh7 28. Rad1 Bc5 29. Bxg7 Kxg7 30. Qd7 Rf7 31. Qxe7 Rxe7 32. Kg2 Bd4 33. b3 a5 34. Rc1 b6 35. Rfd1 Kg6 36. Rc6 Kf5 37. Rd3 1/2-1/2